 Dungeon Crawl Stone Soup version 0.30.1-11-g7821555f0a (webtiles) character file.

Game seed: 10501223954467875125

2326 Kranky the Magician (level 9, 0/71 HPs)
             Began as a Gnoll Warper on Nov 6, 2023.
             Was an Initiate of Gozag.
             Slain by an orc knight
             ... wielding a +0 war axe
              (16 damage)
             ... in a bailey.
             The game lasted 00:16:50 (8137 turns).

Kranky the Magician (Gnoll Warper)                  Turns: 8137, Time: 00:16:51

Health: 0/71       AC:  9    Str: 20    XL:     9   Next: 42%
Magic:  19/19      EV: 10    Int: 16    God:    Gozag
Gold:   967        SH:  8    Dex: 11    Spells: 21/21 levels left

rFire   + . .        w - +5 flail of Siwip {flame, Drain rElec Str+5 Stlth+}
rCold   + . .        l - +0 kite shield
rNeg    . . .        A - +0 scale mail "Buepil" {Regen+ Int+3}
rPois   .            (no helmet)
rElec   +            E - +0 cloak
rCorr   .            n - +0 pair of gloves
SInv    +            (no boots)
Will    .....        (no amulet)
Stlth   ++           H - ring of see invisible
HPRegen 1.11/turn    P - ring "Qotaeb" {Fly rF+ rC+}
MPRegen 0.16/turn

%: no passive effects
@: marked, flying
A: fangs 1, strong nose, distributed training
a: Renounce Religion, Potion Petition, Call Merchant, Bribe Branch


You were in a bailey.
You worshipped Gozag.
Gozag was pleased with you.
You visited 2 branches of the dungeon, and saw 8 of its levels.
You also visited: Bailey.

You collected 1028 gold pieces.
You paid 61 gold pieces to Gozag.

Inventory:

Hand Weapons
 a - a +0 falchion
 f - a +2 vampiric short sword
 s - a +1 sling of freezing
 w - the +5 flail of Siwip (weapon) {flame, Drain rElec Str+5 Stlth+}
   (You found it on level 3 of the Dungeon)

   Str:       It affects your strength (+5).
   rElec:     It insulates you from electricity.
   Drain:     It drains your maximum health when unequipped.
   Stlth:     It makes you more stealthy.
Missiles
 d - 7 boomerangs of dispersal (quivered)
 q - 24 poisoned darts
 L - 18 boomerangs
Armour
 b - a +0 leather armour
 i - the +0 robe "Afotz" {-Cast Fly Will++ rCorr}
   (You found it on level 2 of the Dungeon)

   Fly:       It grants you flight.
   -Cast:     It prevents spellcasting.
   rCorr:     It protects you from acid and corrosion.
   Will:      It greatly increases your willpower.
 l - a +0 kite shield (worn)
 m - a +0 ring mail
 n - a +0 pair of gloves (worn)
 A - the +0 scale mail "Buepil" (worn) {Regen+ Int+3}
   (You found it on level 5 of the Dungeon)

   Int:       It affects your intelligence (+3).
   Regen:     It increases your rate of health regeneration.
 E - a +0 cloak (worn)
 N - a +1 chain mail of cold resistance
Jewellery
 g - a +6 ring of dexterity
 k - an amulet of faith
 H - a ring of see invisible (left hand)
 I - a +6 ring of dexterity
 M - a ring of flight
 P - the ring "Qotaeb" (right hand) {Fly rF+ rC+}
   (You found it in a bailey)

   [ring of flight]

   rF:        It protects you from fire.
   rC:        It protects you from cold.
   Fly:       It grants you flight.
Wands
 u - a wand of paralysis (6)
 y - a wand of polymorph (8)
 D - a wand of digging (5)
 J - a wand of flame (24)
 K - a wand of light (8)
Scrolls
 v - a scroll of fog
 x - a scroll of teleportation
 z - a scroll of amnesia {unknown}
 C - a scroll of silence
 F - 3 scrolls of identify
 O - a scroll of acquirement {unknown}
Potions
 e - 4 potions of degeneration
 h - a potion of cancellation {unknown}
 j - a potion of curing
 o - a potion of haste {unknown}
 p - 3 potions of heal wounds
 r - 2 potions of flight
 t - a potion of attraction {unknown}
 G - a potion of might
Miscellaneous
 Q - a piece from Xom's chessboard (15/15)


   Skills:
 + Level 6.4 Fighting
 + Level 4.4 Short Blades
 + Level 6.4 Long Blades
 + Level 4.4 Axes
 + Level 4.4 Maces & Flails
 + Level 4.4 Polearms
 + Level 4.4 Staves
 + Level 4.4 Ranged Weapons
 + Level 5.1 Throwing
 + Level 5.1 Armour
 + Level 6.4 Dodging
 + Level 4.4 Stealth
 + Level 4.4 Shields
 + Level 4.4 Unarmed Combat
 + Level 6.7 Spellcasting
 + Level 3.6 Conjurations
 + Level 3.6 Hexes
 + Level 3.6 Summonings
 + Level 3.6 Necromancy
 + Level 6.6 Translocations
 + Level 3.6 Transmutations
 + Level 3.6 Fire Magic
 + Level 3.6 Ice Magic
 + Level 3.6 Air Magic
 + Level 3.6 Earth Magic
 + Level 3.6 Poison Magic
 + Level 4.8 Invocations
 + Level 4.4 Evocations


You had 21 spell levels left.
You didn't know any spells.
Your spell library contained the following spells:

 Spells                   Type           Power      Damage    Failure   Level
 Blink                    Tloc           52%        N/A       8%          2
 Lesser Beckoning         Tloc           52%        N/A       8%          2
 Teleport Other           Tloc           26%        N/A       16%         3
 Poisonous Vapours        Pois/Air       34%        N/A       28%         2
 Vhi's Electric Charge    Tloc/Air       42%        N/A       30%         3
 Manifold Assault         Tloc           26%        N/A       45%         4
 Ignite Poison            Fire/Tmut/Pois 17%        N/A       50%         3
 Mephitic Cloud           Conj/Pois/Air  17%        N/A       50%         3
 Sticky Flame             Conj/Fire      17%        2d4       88%         4
 Freezing Cloud           Conj/Ice/Air   8%         6-21      99%         5
 Conjure Ball Lightning   Conj/Air       8%         3x3d6     100%        6
 Discord                  Hex            8%         N/A       100%        8
 Disjunction              Tloc           13%        N/A       100%        8
 Ignition                 Fire           8%         3d5       100%        8


Dungeon Overview and Level Annotations

Branches:
Dungeon (7/15)             Temple (1/1) D:6          Bailey (1/1)

Altars:
Ashenzari
Cheibriados
Dithmenos
Elyvilon
Fedhas
Gozag
Hepliaklqana
Kikubaaqudgha
Makhleb
Nemelex Xobeh
Okawaru
Qazlal
Trog
Uskayaw
Wu Jian
Xom
Yredelemnul
Zin

Shops:
D:2 (


Innate Abilities, Weirdness & Mutations

You have very sharp teeth.
Your uncanny sense of smell can sniff out nearby items.
Your experience applies equally to all skills.


Message History

The orc knight roars a battlecry!
The orc knight looks even sicker.
The orc knight is engulfed in poison gas.
The orc knight looks as sick as possible!
You barely miss the orc knight.
The orc knight is heavily wounded.
The orc knight hits you but does no damage.
You hit the orc knight. You burn the orc knight.
You bite the orc knight, but do no damage.
The orc knight is heavily wounded.
The orc knight hits you with a +0 war axe!
You closely miss the orc knight.
The orc knight is heavily wounded.
You block the orc knight's attack.
The orc knight hits you with a +0 war axe.
You sock the orc knight! You burn the orc knight.
The orc knight is severely wounded.
You block the orc knight's attack.
You closely miss the orc knight.
The orc knight is severely wounded.
The orc knight hits you but does no damage.
You hit the orc knight. You burn the orc knight.
The orc knight is severely wounded.
The orc knight hits you with a +0 war axe!
You block the orc warrior's attack.
The orc knight roars a battlecry!
The orc warriors go into a battle-frenzy!
You thump the orc knight! You burn the orc knight.
The orc knight is almost dead.
The orc knight hits you with a +0 war axe!
* * * LOW HITPOINT WARNING * * *
You block the orc warrior's attack.
The orc knight attacks as you move away!
The orc knight hits you with a +0 war axe.
* * * LOW HITPOINT WARNING * * *
You barely miss the orc knight.
The orc knight is almost dead.
The orc knight hits you with a +0 war axe!
You die...
Your body crumbles into a pile of gold.

############# ##..##...#..∩#
#.##...##...##
#############.###########
####........o@.............##
##.......)).o#########.......#
##.......).#g## .####'#..##
#.....⌠....#..# ∆ ..# #.#...#
#.......###go# .. ###....
###.....#.'..####'####. $#..~≈
####......###..o.o.g.....
###.~≈≈
≈≈≈≈≈≈......#..####o####.
#.~≈≈≈≈
#≈≈≈≈≈≈≈)≈≈.####.g.....#
#≈≈≈≈≈≈


You could see an orc knight (very poisoned), an orc warrior (strong) and a
goblin.

Vanquished Creatures
  The ghost of middlethird the Cudgeller, a novice VSMo of the Shining One (D:5)
  Sigmund (D:3)
  3 orc warriors
  An ice beast (D:5)
  4 ogres
  A kobold brigand (D:3)
  A scorpion (D:5)
  5 electric eels (D:6)
  The ghost of middlethird the Cudgeller, a weakling VSMo (D:3)
  A hound (D:4)
  3 jellies
  An orc priest (D:6)
  4 gnoll boudas
  4 iguanas
  Jessica (D:3)
  A sleepcap (D:5)
  3 orc wizards (D:5)
  19 gnolls
  2 adders
  A shadow imp (D:5)
  2 white imps
  An ufetubus (D:4)
  2 worms
  3 dart slugs
  18 orcs
  5 bats
  5 endoplasms
  5 giant cockroaches
  9 goblins
  12 hobgoblins
  27 kobolds
  3 quokkas
  3 ball pythons
  3 frilled lizards
  13 rats
169 creatures vanquished.

Notes
Turn   | Place    | Note
-------+----------+-------------------------------------------
     0 | D:1      | Kranky the Gnoll Warper began the quest for the Orb.
     0 | D:1      | Reached XP level 1. HP: 20/20 MP: 6/6
   272 | D:1      | Reached XP level 2. HP: 26/26 MP: 7/7
   419 | D:1      | You fall into a shaft and drop 1 floor!
   431 | D:2      | Identified the +0 robe "Afotz" {-Cast Fly Will++ rCorr}
   553 | D:1      | Reached skill level 5 in Spellcasting
   553 | D:1      | Reached XP level 3. HP: 28/31 MP: 7/9
  1126 | D:2      | Found Ipsiatz's Weapon Boutique.
  1230 | D:2      | Reached skill level 1 in Invocations
  1295 | D:2      | Found an ornate altar of the Wu Jian Council.
  1477 | D:2      | Reached skill level 1 in Short Blades
  1477 | D:2      | Reached skill level 1 in Axes
  1477 | D:2      | Reached skill level 1 in Maces & Flails
  1477 | D:2      | Reached skill level 1 in Polearms
  1477 | D:2      | Reached skill level 1 in Staves
  1477 | D:2      | Reached skill level 1 in Ranged Weapons
  1477 | D:2      | Reached skill level 1 in Stealth
  1477 | D:2      | Reached skill level 1 in Shields
  1477 | D:2      | Reached skill level 1 in Unarmed Combat
  1477 | D:2      | Reached skill level 1 in Evocations
  1687 | D:3      | Noticed Jessica
  1694 | D:3      | Killed Jessica
  1695 | D:3      | Reached skill level 1 in Conjurations
  1695 | D:3      | Reached skill level 1 in Hexes
  1695 | D:3      | Reached skill level 1 in Summonings
  1695 | D:3      | Reached skill level 1 in Necromancy
  1695 | D:3      | Reached skill level 1 in Transmutations
  1695 | D:3      | Reached skill level 1 in Fire Magic
  1695 | D:3      | Reached skill level 1 in Ice Magic
  1695 | D:3      | Reached skill level 1 in Air Magic
  1695 | D:3      | Reached skill level 1 in Earth Magic
  1695 | D:3      | Reached skill level 1 in Poison Magic
  1695 | D:3      | Reached XP level 4. HP: 17/38 MP: 11/11
  1832 | D:3      | Identified the +5 flail of Siwip {flame, Drain rElec Str+5
                  | Stlth+}
  2040 | D:3      | Found a glowing silver altar of Zin.
  2040 | D:3      | Found an opulent altar of Gozag.
  2254 | D:3      | Found a runed translucent gate.
  2255 | D:3      | Found a runed translucent gate.
  2256 | D:3      | Found a runed translucent gate.
  2257 | D:3      | Noticed a kobold brigand
  2266 | D:3      | Noticed Sigmund
  2271 | D:3      | Killed Sigmund
  2272 | D:3      | Reached skill level 5 in Fighting
  2272 | D:3      | Reached skill level 5 in Long Blades
  2272 | D:3      | Reached skill level 5 in Dodging
  2272 | D:3      | Reached XP level 5. HP: 44/44 MP: 12/12
  2272 | D:3      | Reached XP level 6. HP: 51/51 MP: 14/14
  2366 | D:3      | Noticed middlethird's ghost (weakling VSMo)
  2637 | D:3      | Killed middlethird's ghost
  2836 | D:3      | Became a worshipper of Gozag Ym Sagoz the Greedy
  2897 | D:4      | Reached XP level 7. HP: 30/56 MP: 15/15
  3680 | D:5      | Entered Level 5 of the Dungeon
  3757 | D:5      | Found a runed translucent gate.
  3757 | D:5      | Found a runed translucent gate.
  3757 | D:5      | Found a runed translucent gate.
  3764 | D:5      | Noticed middlethird's ghost (novice VSMo)
  3801 | D:5      | Reached XP level 8. HP: 39/63 MP: 16/16
  4738 | D:5      | Found a stormy altar of Qazlal.
  5395 | D:5      | Killed middlethird's ghost
  5400 | D:5      | Identified the +0 scale mail "Buepil" {Regen+ Int+3}
  5997 | D:5      | Reached XP level 9. HP: 59/69 MP: 18/18
  6358 | D:6      | Found a staircase to the Ecumenical Temple.
  6548 | D:6      | Reached skill level 5 in Throwing
  6548 | D:6      | Reached skill level 5 in Armour
  6633 | D:6      | Found a snail-covered altar of Cheibriados.
  6810 | D:6      | Found a hide-covered altar of Uskayaw.
  7463 | Temple   | Entered the Ecumenical Temple
  7600 | D:7      | Found a flagged portal.
  7623 | Bailey   | Entered a bailey
  8037 | Bailey   | Identified the ring "Qotaeb" {Fly rF+ rC+}
  8106 | Bailey   | Noticed an orc knight
  8137 | Bailey   | Slain by an orc knight

Illustrated notes

Levels and vault maps discovered:
D:1:      dpeg_arrival_signposts, layout_basic, minivault_11
D:2:      layout_rooms, serial_shops, nicolae_square_shop, basic_altar,
          minmay_rat_gold_closets
D:3:      layout_loops_corners, grunt_temple_overflow_gold_and_silver,
          gammafunk_ghost_nasty_kobolds, uniq_jessica, uniq_sigmund
D:4:      layout_basic, grunt_ministairs_5
D:5:      nicolae_cairo_tiling_large, layout_basic, old_standard_altar,
          ebering_ghost_rock_garden, hangedman_decor_clover_reticule,
          minmay_misc_feat_pillars
D:6:      layout_layer_cave, lemuel_round_altar, lemuel_doored_altar,
          minmay_temple_entry_proselytizer, serial_bayou, serial_bayou_lake_a,
          serial_bayou_shore_a, serial_bayou_crossing, serial_bayou_lagoon_b,
          serial_bayou_pond_a
D:7:      layout_loops_corners, amethyst_overflow_temple_binary, enter_bailey_5,
          serial_shops, nicolae_shop_hallway_stairs, kennysheep_generic_room_11,
          uniq_duvessa, uniq_prince_ribbit1, uniq_menkaure
Temple:   nicolae_temple_hex_pool
Bailey:   bailey_axe_4, bailey

Skill      XL: |  1  2  3  4  5  6  7  8  9 |
---------------+----------------------------+-----
Spellcasting   | 5 6 |  6.7
Invocations    | 1 2 3 4 |  4.8
Short Blades   | 1 2 3 4 |  4.4
Axes           | 1 2 3 4 |  4.4
Maces & Flails | 1 2 3 4 |  4.4
Polearms       | 1 2 3 4 |  4.4
Staves         | 1 2 3 4 |  4.4
Ranged Weapons | 1 2 3 4 |  4.4
Stealth        | 1 2 3 4 |  4.4
Shields        | 1 2 3 4 |  4.4
Unarmed Combat | 1 2 3 4 |  4.4
Evocations     | 1 2 3 4 |  4.4
Conjurations   | 1 2 3 |  3.6
Hexes          | 1 2 3 |  3.6
Summonings     | 1 2 3 |  3.6
Necromancy     | 1 2 3 |  3.6
Transmutations | 1 2 3 |  3.6
Fire Magic     | 1 2 3 |  3.6
Ice Magic      | 1 2 3 |  3.6
Air Magic      | 1 2 3 |  3.6
Earth Magic    | 1 2 3 |  3.6
Poison Magic   | 1 2 3 |  3.6
Fighting       | 5 6 |  6.4
Long Blades    | 5 6 |  6.4
Throwing       | 3 4 5 |  5.1
Armour         | 3 4 5 |  5.1
Dodging        | 5 6 |  6.4
Translocations | 6 |  6.6

Action                     |  1- 3 |  4- 6 |  7- 9 || total
---------------------------+-------+-------+-------++-------
  Melee: Falchion          |    34 |       |       ||    34
         Bite              |     9 |     8 |    27 ||    44
         Short sword       |   115 |       |       ||   115
         Punch             |     1 |       |       ||     1
         Flail             |       |    61 |   257 ||   318
   Fire: Sling             |     5 |     3 |       ||     8
    Use: Scroll            |       |       |    15 ||    15
         Potion            |       |       |     1 ||     1
   Stab: Sleeping          |     3 |     1 |    11 ||    15
 Armour: Leather armour    |    34 |       |       ||    34
         Ring mail         |    19 |     8 |    30 ||    57
         Scale mail        |       |       |    44 ||    44
  Dodge: Dodged            |   102 |    28 |   110 ||   240
  Block: Kite shield       |    14 |    23 |   124 ||   161
